AoeStats
← xXx_69_xXx

Arabia

506251749Analyzed
1v1 RM · 18d ago on Sep 12, 2026· 26m 30s· 2 players
Game mode
Random Map
Map size
Tiny (2 player)
Population
200
Speed
Normal
Resources
Standard
Victory
Conquest
Starting age
Dark Age
Ending age
Imperial Age
RankedLock teamsTeams togetherTeam positionsShared explorationLock speedFull tech treeHidden civsTurbo modeCheats
Victory
Defeat
🇩🇪 Wu · Germany
1829
+16
🇲🇽 Wu · Mexico
1827
-16
xXx_69_xXx
11:39 Loom
13:53 Feudal Age
16:45 Double-Bit Axe
19:21 Fletching
19:39 Town Watch
20:29 Wheelbarrow
20:03 Padded Archer Armor
OIDA | Tasty
6:23 Loom
10:37 Feudal Age
11:03 Man-at-Arms
11:37 Double-Bit Axe
17:54 Scale Mail Armor
17:51 Fletching
18:05 Arson
20:21 Horse Collar
26:14 Castle Age
25:43 Padded Archer Armor
25:58 Forging
Connection lost

Rejoining the realm…

Still unreachable

The connection could not be restored.

Session expired

The server has moved on; the page needs a fresh start.